 Dungeon Crawl Stone Soup version 0.19.1 (webtiles) character file.

22974 Nakatomy the Cleaver (level 12, -3/116 HPs)
             Began as a Deep Dwarf Fighter on Dec 23, 2016.
             Was an Elder of Makhleb.
             Slain by a salamander
             ... wielding a +0 glaive
              (13 damage)
             ... in a volcano.
             The game lasted 01:39:06 (13355 turns).

Nakatomy the Cleaver (Deep Dwarf Fighter)          Turns: 13355, Time: 01:39:06

Health: -3/116     AC: 22    Str: 25    XL:     12   Next: 67%
Magic:  0/12       EV: 13    Int:  8    God:    Makhleb [****..]
Gold:   538        SH: 15    Dex: 20    Spells: 0 memorised, 11 levels left

rFire  . . .     SeeInvis .     a - +8 hand axe of Mourning {chop, Str+3}
rCold  + . .     Gourm    .     E - +0 chain mail
rNeg   . . .     Faith    .     S - +2 shield {reflect}
rPois  .         Spirit   +     z - +2 helmet
rElec  .         Reflect  +     F - +0 cloak
rCorr  .         Harm     .     B - +2 pair of gloves
MR     +....                    I - +0 pair of boots
Stlth  ..........               r - amulet of guardian spirit
                                L - ring of protection from cold
                                y - +4 ring of dexterity

@: non-regenerating, hasted, very quick
A: damage resistance, recharge devices, sense surroundings 2, slow regeneration
3
a: Device Recharging, Minor Destruction, Lesser Servant of Makhleb, Major
Destruction, Renounce Religion


You were in a volcano.
You worshipped Makhleb.
Makhleb was greatly pleased with you.
You were not hungry.

You visited 3 branches of the dungeon, and saw 15 of its levels.
You also visited: Labyrinth and Volcano.

You collected 770 gold pieces.
You spent 232 gold pieces at shops.

Inventory:

Hand Weapons
 a - the +8 hand axe of Mourning (weapon) {chop, Str+3}
   (You bought it in a shop on level 9 of the Dungeon)

   It inflicts extra damage upon your enemies.
   It affects your strength (+3).
 b - a +1 hunting sling
Missiles
 n - 233 stones (quivered)
Armour
 z - a +2 helmet (worn)
 B - a +2 pair of gloves (worn)
 E - a +0 chain mail (worn)
 F - a +0 cloak (worn)
 I - a +0 pair of boots (worn)
 R - a +1 large shield of protection
 S - a +2 shield of reflection (worn)
Rods
 D - a +0 iron rod (13/13)
   (You found it in a labyrinth)
Jewellery
 h - a +3 ring of evasion
 m - an uncursed amulet of rage
 r - an amulet of guardian spirit (around neck)
 y - a +4 ring of dexterity (left hand)
 C - an uncursed ring of ice
 L - a ring of protection from cold (right hand)
Wands
 e - a wand of heal wounds (0/9)
 j - a wand of enslavement (13/24)
 k - a wand of teleportation (5/9)
Scrolls
 c - a scroll of recharging
 o - a scroll of holy word
 p - a scroll of noise {unknown}
 q - 7 scrolls of remove curse
 t - 5 scrolls of identify
 A - a scroll of teleportation
 H - a scroll of enchant weapon
 K - a scroll of blinking
 P - a scroll of fog
Potions
 d - a potion of might
 v - a potion of magic
 w - 3 potions of brilliance
 G - a potion of cancellation
 J - a potion of cure mutation
 U - a potion of curing
 V - a potion of flight
Miscellaneous
 T - a fan of gales
Comestibles
 f - 9 bread rations
 g - 11 fruits
 i - 2 meat rations


   Skills:
 * Level 10.1 Fighting
 * Level 11.6 Axes
 + Level 11.4 Armour
 + Level 7.0 Dodging
 + Level 10.7 Shields
 - Level 4.0 Invocations


You had 11 spell levels left.
You didn't know any spells.

Dungeon Overview and Level Annotations

Branches:
Dungeon (12/15)            Temple (1/1) D:6            Lair (2/6) D:8
    Orc (0/2) D:12
  Swamp: Lair:2-4    Shoals: Lair:2-4     Snake: Lair:2-4    Spider: Lair:2-4

Altars:
Ashenzari
Cheibriados
Dithmenos
Elyvilon
Fedhas
Gozag
Hepliaklqana
Kikubaaqudgha
Makhleb
Nemelex Xobeh
Okawaru
Qazlal
Ru
Sif Muna
Trog
Uskayaw
Vehumet
Xom
Yredelemnul
Zin
The Shining One

Shops:
D:9 (

Annotations:
D:1 exclusion: 2 downstairs
D:2 2 exclusions, Sigmund
D:3 exclusion: 2 downstairs
D:4 exclusion: downstairs
D:5 Prince Ribbit
D:6 exclusion: downstairs
D:8 exclusion: downstairs


Innate Abilities, Weirdness & Mutations

You are resistant to damage.
You can recharge devices by infusing magical energy.
You passively map the area around you.
You do not regenerate.


Message History

* * * LOW HITPOINT WARNING * * *
Evoke which item? (* to show all) (? for menu, Esc to quit)
This wand has no charges.
Unknown command.
You don't have enough magic at the moment.
You hit the salamander mystic but do no damage.
The salamander mystic is almost dead.
The salamander hits you but does no damage.
You block the salamander's attack.
You hit the salamander mystic.
The salamander mystic is almost dead.
You block the salamander's attack.
The salamander mystic hits you with a quarterstaff.
You are engulfed in flames!
* * * LOW HITPOINT WARNING * * *
You block the salamander's attack.
You feel yourself speed up.
The salamander hits you from afar with a glaive.
You are engulfed in flames!
You die...

§≈≈§≈≈§§≈≈≈≈§≈≈§≈§§≈§≈≈
≈§≈§§§§≈≈ ≈≈§≈≈≈≈ ≈≈...§≈
≈≈ ,≈ ≈≈§≈§§ ≈≈ ≈ , ,, ,,
≈ ≈≈§≈§ ≈≈, ####### * ≈
≈≈≈≈§ ≈ *, +.....+, * ≈≈
≈ ≈≈ ≈, , #.8_8.# ∩ ≈ ≈
,,, #.NNN.# ≈ ≈ *** *#N#
+ ** ≈ ≈ ≈≈≈≈≈. ,#@# ,≈≈
≈≈ §§§≈§..#** * ,#.#, * *
≈§≈≈§≈≈§# , ,#.# *,, ≈ ≈
§§≈≈≈≈..# * #.#,* *
≈§≈≈≈≈≈.# , ,#.#,* , ≈
≈§§§≈≈..# , #.# ,,, * ,≈
≈ ≈≈≈≈§§§§########+######
* ≈ ≈ ≈
≈≈§≈≈§§§........§.......
≈ ≈
§§≈≈≈≈§§§.≈.≈≈§§§§≈.≈.§§,
≈


You could see a salamander mystic and 3 salamanders.

Vanquished Creatures
  Nessos (D:12)
  A minotaur (Lab)
  Josephine (D:12)
  Harold (Lair:1)
  An unseen horror (D:11)
  Pikel (D:4)
  Maurice (D:8)
  5 elephants (Lair:2)
  A torpor snail (Lair:2)
  A spiny frog (Lair:1)
  2 gargoyles (D:11)
  Psyche (D:8)
  3 komodo dragons
  A troll (D:10)
  Grinder (D:4)
  4 hippogriffs
  A spriggan (D:8)
  2 shadows (Lab)
  A water elemental (D:11)
  3 wraiths
  23 yaks
  2 fire bats (Volcano)
  A steam dragon (D:11)
  3 vampire mosquitoes (D:12)
  3 hungry ghosts
  A mottled dragon (D:12)
  Edmund (D:5)
  Duvessa (D:5)
  A water moccasin (Lair:2)
  11 porcupines
  An orc warrior (D:6)
  An ice beast (D:9)
  4 sky beasts
  2 necrophages (D:8)
  A black bear (D:11)
  3 phantoms
  8 wolves (Lair:1)
  2 ogres
  4 centaurs
  8 crocodiles
  7 bullfrogs
  3 scorpions
  15 killer bees
  Dowan (D:5)
  6 wights
  A howler monkey (D:5)
  An electric eel (D:11)
  A crimson imp (D:6)
  2 centaur zombies
  7 lava snakes (Volcano)
  5 orc priests
  A quasit (D:9)
  3 bullfrog zombies
  7 hounds
  8 orc wizards
  2 bullfrog skeletons
  2 jellies
  A centaur skeleton (D:4)
  3 iguanas
  7 worker ants
  A hound skeleton (D:6)
  A worker ant zombie (D:8)
  Robin (D:4)
  13 gnolls
  9 adders
  5 river rats
  6 shadow imps
  An ooze (D:4)
  2 adder skeletons
  5 worms
  3 dart slugs
  5 leopard geckos
  14 orcs
  10 bats
  6 giant cockroaches
  11 goblins
  4 hobgoblins
  17 jackals
  8 kobolds
  8 quokkas
  4 ball pythons
  3 frilled lizards
  A leopard gecko zombie (D:5)
  11 rats
  A fungus (Lair:2)
347 creatures vanquished.

Vanquished Creatures (collateral kills)
  A hydra (Lair:1)
  2 wraiths (D:12)
  A water moccasin (Lair:1)
  A hound (D:12)
5 creatures vanquished.

Vanquished Creatures (others)
  A slave (D:5)
  An iguana (D:4)
  A worker ant (D:4)
  An orc wizard (D:4)
  3 gnolls (D:5)
  An ooze (D:4)
  3 orcs (D:4)
  A giant cockroach (D:4)
  3 goblins (D:4)
  A hobgoblin (D:4)
  A fungus (Lair:1)
17 creatures vanquished.

Grand Total: 369 creatures vanquished

Notes
Turn   | Place    | Note
-------+----------+-------------------------------------------
     0 | D:1      | Nakatomy the Deep Dwarf Fighter began the quest for the Orb.
     0 | D:1      | Reached XP level 1. HP: 20/20 MP: 1/1
   168 | D:1      | Reached XP level 2. HP: 24/27 MP: 2/2
   507 | D:1      | Reached XP level 3. HP: 29/34 MP: 3/3
  1157 | D:2      | Noticed Sigmund
  1438 | D:3      | Reached XP level 4. HP: 39/42 MP: 4/4
  1858 | D:3      | Reached skill level 1 in Dodging
  1917 | D:3      | Found a glowing drain.
  2309 | D:3      | Reached XP level 5. HP: 30/49 MP: 5/5
  2464 | D:4      | Noticed Robin
  2564 | D:4      | Noticed a slave
  2565 | D:4      | Noticed Pikel
  2853 | D:4      | Killed Pikel
  2853 | D:4      | Reached skill level 5 in Armour
  2853 | D:4      | Reached skill level 5 in Shields
  2853 | D:4      | Reached XP level 6. HP: 49/57 MP: 6/6
  2853 | D:4      | Reached XP level 7. HP: 55/64 MP: 7/7
  2910 | D:4      | Killed Robin
  3030 | D:4      | Noticed Grinder
  3066 | D:4      | Paralysed by Grinder for 4 turns
  3073 | D:4      | Killed Grinder
  3073 | D:4      | Reached skill level 5 in Axes
  3383 | D:5      | Entered Level 5 of the Dungeon
  3438 | D:5      | Noticed Dowan
  3463 | D:4      | Reached XP level 8. HP: 34/73 MP: 8/8
  3557 | D:5      | Reached skill level 5 in Fighting
  3596 | D:5      | Noticed Duvessa
  3685 | D:5      | Noticed Edmund
  3706 | D:5      | Killed Edmund
  4110 | D:5      | Killed Dowan
  4116 | D:5      | Killed Duvessa
  4262 | D:5      | Found a glowing golden altar of the Shining One.
  4321 | D:5      | Noticed Prince Ribbit
  4370 | D:6      | Gained mutation: You passively map the area around you. [Deep Dwarf growth]
  4370 | D:6      | Reached XP level 9. HP: 45/82 MP: 8/8
  4690 | D:6      | Found a staircase to the Ecumenical Temple.
  4710 | Temple   | Entered the Ecumenical Temple
  4969 | Temple   | Became a worshipper of Makhleb the Destroyer
  6273 | D:8      | Reached * piety under Makhleb
  6347 | D:8      | Reached XP level 10. HP: 49/92 MP: 9/9
  6407 | D:8      | Found a staircase to the Lair.
  6484 | D:8      | Reached skill level 5 in Dodging
  6514 | D:8      | Noticed Maurice
  6618 | D:8      | Noticed Psyche
  6629 | D:8      | Paralysed by Psyche for 2 turns
  6637 | D:8      | Killed Psyche
  7143 | D:8      | Reached ** piety under Makhleb
  7853 | D:9      | Reached XP level 11. HP: 103/103 MP: 9/9
  7965 | D:9      | Reached skill level 10 in Shields
  8113 | D:9      | Found Viazil's Antique Weapon Emporium.
  8261 | D:10     | Entered Level 10 of the Dungeon
  8284 | D:9      | Reached *** piety under Makhleb
  8442 | D:10     | Found a stormy altar of Qazlal.
  9056 | D:11     | Reached skill level 10 in Armour
  9056 | D:11     | Reached skill level 1 in Invocations
  9166 | D:11     | Killed an unseen horror
  9288 | D:9      | Bought a slimy hand axe for 232 gold pieces
  9288 | D:9      | Identified the +8 hand axe of Mourning {chop, Str+3} (You bought it in a shop on level 9 of the Dungeon)
  9559 | D:11     | You fall through a shaft!
  9603 | D:12     | Reached **** piety under Makhleb
  9642 | D:12     | Found a labyrinth entrance.
  9642 | D:12     | Noticed Josephine
  9659 | D:12     | Noticed Nessos
  9659 | D:12     | Killed Josephine
  9659 | D:12     | Reached skill level 10 in Axes
  9695 | D:12     | Killed Nessos
  9700 | Lab      | Entered a labyrinth
 11285 | Lab      | Noticed a minotaur
 11299 | Lab      | Killed a minotaur
 11309 | Lab      | Identified the Almanac of Combat Magic
 11629 | D:11     | Reached XP level 12. HP: 77/114 MP: 0/12
 11981 | D:8      | Killed Maurice
 12068 | Lair:1   | Entered Level 1 of the Lair of Beasts
 12154 | Lair:1   | Noticed a four-headed hydra
 12165 | Lair:1   | Killed a four-headed hydra
 12418 | Lair:1   | Noticed Harold
 12437 | Lair:1   | Killed Harold
 13070 | Lair:2   | Reached skill level 10 in Fighting
 13119 | Lair:2   | Found a dark tunnel.
 13129 | Volcano  | Entered a volcano
 13333 | Volcano  | Found a bloodstained altar of Trog.
 13355 | Volcano  | Slain by a salamander

Skill      XL: |  1  2  3  4  5  6  7  8  9 10 11 12 |
---------------+-------------------------------------+-----
Fighting       | 3 4 5 6 7 9 10 | 10.1
Axes           | 3 4 5 6 7 9 10 11 | 11.6
Shields        | 4 5 7 8 9 10 | 10.7
Dodging        | 1 2 3 4 5 7 |  7.0
Armour         | 4 5 6 8 9 10 11 | 11.4
Invocations    | 4 |  4.0

Action                   |  1- 3 |  4- 6 |  7- 9 | 10-12 || total
-------------------------+-------+-------+-------+-------++-------
Melee: War axe           |   183 |   150 |   482 |   613 ||  1428
       Hand axe          |       |       |       |   388 ||   388
 Fire: Hunting sling     |    13 |     8 |     6 |       ||    27
Invok: Lesser Servant of |       |       |       |     7 ||     7
 Abil: Device Recharging |       |       |     1 |     2 ||     3
Evoke: Wand              |     1 |     1 |    12 |    10 ||    24
  Use: Scroll            |     5 |       |     3 |    13 ||    21
       Potion            |       |       |     6 |     3 ||     9
 Stab: Distracted        |       |       |       |     2 ||     2
  Eat: Chunk             |     1 |     5 |    11 |    21 ||    38
       Beef jerky        |       |       |     1 |     2 ||     3
       Fruit             |       |       |       |     2 ||     2
       Pizza             |       |       |       |     2 ||     2
       Meat ration       |       |       |       |     1 ||     1
Armor: Scale mail        |    89 |    57 |   144 |       ||   290
       Chain mail        |       |       |    18 |   369 ||   387
Dodge: Dodged            |    61 |    44 |   135 |   332 ||   572
Block: Shield            |    99 |    66 |   292 |   689 ||  1146
       Reflection        |       |       |       |     8 ||     8
